 Dungeon Crawl Stone Soup version 0.27.0-66-gdc8fb28755 (webtiles) character file.

Game seed: 12948542294105563932

170 SkeletonJelly the Slasher (level 5, 0/67 HPs)
             Began as a Draconian Monk on Aug 20, 2021.
             Was an Initiate of Gozag.
             Slain by Edmund (15 damage)
             ... on level 4 of the Dungeon.
             The game lasted 00:06:55 (3823 turns).

SkeletonJelly the Slasher (Draconian Monk)          Turns: 3823, Time: 00:06:55

Health: 0/67       AC: 22    Str: 17 (20) XL:     5   Next: 25%
Magic:  5/5        EV:  2    Int:  5 (8)  God:    Gozag
Gold:   451        SH:  0    Dex: 12 (14) Spells: 3/4 levels left

rFire    . . .     SeeInvis .   a - +0 falchion
rCold    . . .     Faith    .   (no shield)
rNeg     + + +     Spirit   .   (armour unavailable)
rPois    +         Reflect  .   (helmet currently unavailable)
rElec    .         Harm     .   (cloak currently unavailable)
rCorr    .         Rampage  .   (gloves currently unavailable)
Will     .....     NoTele   +   (boots currently unavailable)
Stlth    ++........             (no amulet)
HPRegen  0.21/turn              q - +6 ring of strength
MPRegen  0.09/turn              (no ring)

@: tree-form
A: stationary, stasis, torment immunity, boosted hp, AC +5, unfitting armour,
(cold-blooded), (stinger 1), (cold resistance 1), dopey 1
a: Renounce Religion, Potion Petition, Call Merchant, Bribe Branch


You were on level 4 of the Dungeon.
You worshipped Gozag.
Gozag was aware of your devotion.
You were a tree.
You visited 1 branch of the dungeon, and saw 5 of its levels.

You collected 451 gold pieces.

Inventory:

Hand Weapons
 a - a +0 falchion (weapon)
Missiles
 k - a poisoned dart (quivered)
Jewellery
 q - a +6 ring of strength (left branch)
 r - a ring of flight
Scrolls
 b - a scroll of identify {unknown}
 c - a scroll of holy word {unknown}
 g - a scroll of immolation {unknown}
 i - a scroll of noise {unknown}
 j - 5 scrolls of teleportation {unknown}
 n - a scroll of amnesia {unknown}
 p - a scroll of magic mapping {unknown}
 s - a scroll of fear {unknown}
 v - a scroll of fog {unknown}
Potions
 h - a potion of curing


   Skills:
 - Level 3.2 Fighting
 + Level 6.0 Long Blades
 - Level 2.6 Dodging
 - Level 1.7 Stealth


You had 3 spell levels left.
You knew the following spells:

 Your Spells              Type           Power      Damage    Failure   Level
a - Apportation           Tloc           0%         N/A       47%         1

Your spell library contained the following spells:

 Spells                   Type           Power      Damage    Failure   Level
 Ensorcelled Hibernation  Hex/Ice        0%         N/A       63%         2
 Sublimation of Blood     Necr           0%         N/A       63%         2
 Wereblood                Tmut           0%         N/A       63%         2
 Ozocubu's Armour         Ice            0%         N/A       85%         3
 Spider Form              Tmut/Pois      0%         N/A       85%         3
 Alistair's Intoxication  Tmut/Pois      0%         N/A       100%        5
 Metabolic Englaciation   Hex/Ice        0%         N/A       100%        5
 Invisibility             Hex            0%         N/A       100%        6
 Shadow Creatures         Summ           N/A        N/A       100%        6
 Simulacrum               Ice/Necr       0%         N/A       100%        6
 Summon Hydra             Summ           0%         N/A       100%        7


Dungeon Overview and Level Annotations

Branches:
Dungeon (5/15)             Temple (0/1) D:4

Altars:
Gozag
Kikubaaqudgha
Trog

Annotations:
D:4 2 runed translucent doors, Edmund; RatsInWalls's ghost, amateur HOMo
D:5 Eustachio


Innate Abilities, Weirdness & Mutations

You are a tree.
Your roots penetrate the ground, keeping you stationary.
You cannot be teleported.
You are immune to unholy pain and torment.
Your maximum health is greatly increased.
Your equipment is partially melded.
((Your plain brown scales are hard. (AC +5)))
You cannot fit into any form of body armour.
((You are cold-blooded and may be slowed by cold attacks.))
((Your tail ends in a poisonous barb.))
((Your flesh is cold resistant. (rC+)))
You are dopey. (Int -2)


Message History

Your tail-slap misses Edmund.
Edmund is lightly wounded.
You feel less attractive to monsters.
It was a potion of heal wounds.
You feel much better. Edmund completely misses you.
You riposte.
You hit Edmund.
Edmund is lightly wounded.
It was a potion of magic.
Magic courses through your body.
Edmund hits you with a +4 dire flail of protection.
Okay, then.
Really quaff the potion of lignification? [Y]es or [N]o only, please.
Really quaff the potion of lignification? [Y]es or [N]o only, please.
Really quaff the potion of lignification? [Y]es or [N]o only, please.
Really quaff the potion of lignification? [Y]es or [N]o only, please.
Really quaff the potion of lignification? [Y]es or [N]o only, please.
Really quaff the potion of lignification? [Y]es or [N]o only, please.
Really quaff the potion of lignification? [Y]es or [N]o only, please.
Really quaff the potion of lignification? [Y]es or [N]o only, please.
Really quaff the potion of lignification? [Y]es or [N]o only, please.
Really quaff the potion of lignification? [Y]es or [N]o only, please.
Really quaff the potion of lignification? [Y]es or [N]o only, please.
Really quaff the potion of lignification? [Y]es or [N]o only, please.
Really quaff the potion of lignification? [Y]es or [N]o only, please.
Really quaff the potion of lignification? [Y]es or [N]o only, please.
Really quaff the potion of lignification? [Y]es or [N]o only, please.
Really quaff the potion of lignification? [Y]es or [N]o only, please.
Really quaff the potion of lignification? [Y]es or [N]o only, please.
Really quaff the potion of lignification? [Y]es or [N]o only, please.
Really quaff the potion of lignification? [Y]es or [N]o only, please.
Really quaff the potion of lignification?
You turn into a tree.
Your roots penetrate the ground.
Edmund hits you but does no damage.
You barely miss Edmund.
Edmund is lightly wounded.
Edmund hits you but does no damage.
You closely miss Edmund.
Edmund is lightly wounded.
Edmund hits you but does no damage.
You closely miss Edmund.
Edmund is lightly wounded.
Edmund hits you with a +4 dire flail of protection.
You hit Edmund but do no damage.
Edmund is lightly wounded.
Edmund hits you but does no damage.
You closely miss Edmund.
Edmund is lightly wounded.
Edmund hits you but does no damage.
You closely miss Edmund. Edmund barely misses you.
You hit Edmund but do no damage.
Edmund hits you with a +4 dire flail of protection.
You hit Edmund but do no damage. Edmund hits you but does no damage.
You hit Edmund.
Edmund is lightly wounded.
Edmund hits you but does no damage.
You hit Edmund but do no damage.
Edmund is lightly wounded.
Edmund hits you with a +4 dire flail of protection.
You closely miss Edmund.
Edmund is lightly wounded.
Edmund hits you with a +4 dire flail of protection!
* * * LOW HITPOINT WARNING * * *
You hit Edmund but do no damage.
Edmund is lightly wounded.
Edmund hits you but does no damage.
You hit Edmund but do no damage.
Edmund is lightly wounded.
Edmund hits you but does no damage.
You closely miss Edmund.
Edmund is lightly wounded.
Edmund hits you but does no damage.
You hit Edmund but do no damage.
Edmund is lightly wounded.
Edmund hits you with a +4 dire flail of protection.
* * * LOW HITPOINT WARNING * * *
You hit Edmund.
Edmund is lightly wounded.
Edmund hits you but does no damage.
You hit Edmund but do no damage.
Edmund is lightly wounded.
Edmund hits you with a +4 dire flail of protection!
You die...
Your body crumbles into a pile of gold.

##.........##.....#(###.#####...#
##.......####...##.###.# #...#
##.....## ##..(......# ##.##
##...###########(##### #.#
##........# #.# #.# #.######.#
#.# #.# #.# #.# #># #.#
##.######.#####.# #.##
##...##......♣@..# #...
####.....#.##.####### #..#
...##.........# #..#
....##.#.....## #..#
.............# #...
....##.#.....# ####
...###.#.....# ##### ####
#.####### ##...## #.# #.....# ##


You could see Edmund.

Vanquished Creatures
  An iguana (D:4)
  A hound skeleton (D:4)
  5 adders
  A white imp (D:4)
  A worm (D:4)
  2 dart slugs
  3 orcs (D:4)
  7 ball pythons
  3 endoplasms
  3 giant cockroaches
  7 goblins
  4 hobgoblins (D:1)
  11 jackals
  A quokka (D:1)
  4 bats
  4 frilled lizards
  7 kobolds
  4 rats (D:1)
69 creatures vanquished.

Vanquished Creatures (others)
  2 plants (D:1)
2 creatures vanquished.

Grand Total: 71 creatures vanquished

Notes
Turn   | Place    | Note
-------+----------+-------------------------------------------
     0 | D:1      | SkeletonJelly the Draconian Monk began the quest for the
                  | Orb.
     0 | D:1      | Reached XP level 1. HP: 19/19 MP: 1/1
   124 | D:1      | Reached XP level 2. HP: 15/26 MP: 2/2
   269 | D:1      | Reached skill level 4 in Long Blades
   536 | D:1      | Learned a level 1 spell: Apportation
   593 | D:1      | Found a faded altar of an unknown god.
   620 | D:1      | Reached XP level 3. HP: 29/31 MP: 3/3
   650 | D:1      | Became a worshipper of Gozag Ym Sagoz the Greedy
  1223 | D:2      | Found an ancient bone altar of Kikubaaqudgha.
  1881 | D:3      | Reached XP level 4. HP: 38/38 MP: 4/4
  2224 | D:4      | Reached skill level 5 in Long Blades
  2329 | D:4      | Found a runed translucent door.
  2330 | D:4      | Noticed RatsInWalls's ghost (amateur HOMo)
  2331 | D:4      | Noticed a bullfrog
  2611 | D:4      | Found a staircase to the Ecumenical Temple.
  2684 | D:4      | Reached XP level 5. HP: 7/45 MP: 5/5
  2974 | D:4      | Found a runed translucent door.
  3485 | D:4      | Found a bloodstained altar of Trog.
  3684 | D:5      | Entered Level 5 of the Dungeon
  3688 | D:5      | Reached skill level 6 in Long Blades
  3738 | D:5      | Noticed Edmund
  3743 | D:5      | Noticed Eustachio
  3802 | D:4      | Gained mutation: Your flesh is cold resistant. (rC+)
                  | [potion of mutation]
  3802 | D:4      | Gained mutation: You are dopey. (Int -2) [potion of
                  | mutation]
  3802 | D:4      | Gained mutation: Your tail ends in a poisonous barb.
                  | [potion of mutation]
  3823 | D:4      | Slain by Edmund

Illustrated notes

Levels and vault maps discovered:
D:1:      lightli_arrival_statuegarden, layout_rooms,
          shapermc_ecumenical_altar_mp_urbaneastern
D:2:      layout_loops_ring, basic_altar
D:3:      layout_rooms
D:4:      layout_loops_corners, mainiacjoe_overflow_alcove_1,
          minmay_temple_entry_tees, ebering_ghost_sewer_f
D:5:      layout_layer_cave, grunt_gozag_breadcrumbs, nrook_mini_backslash,
          uniq_eustachio, uniq_edmund, uniq_pikel, uniq_prince_ribbit1

Skill      XL: |  1  2  3  4  5 |
---------------+----------------+-----
Long Blades    | 4 5 6 |  6.0
Fighting       | |  3.2
Dodging        | |  2.6
Stealth        | |  1.7

Action                   |  1- 3 |  4- 6 || total
-------------------------+-------+-------++-------
Melee: Falchion          |   134 |    93 ||   227
       Tailslap          |    19 |    15 ||    34
Throw: Dart              |       |     5 ||     5
 Cast: Apportation       |       |     7 ||     7
  Use: Potion            |       |    11 ||    11
 Stab: Sleeping          |     6 |     2 ||     8
       Distracted        |     1 |       ||     1
Armor: Skin              |    36 |    32 ||    68
Dodge: Dodged            |   112 |    44 ||   156
       Rpst.: Falchion   |    36 |    16 ||    52
